 Dungeon Crawl Stone Soup version 0.27.0-1-g7a089689b8 (webtiles) character file.

Game seed: 13404912477192393415

90672 shadowrider38 the Severer (level 15, -2/152 HPs)
             Began as a Deep Dwarf Fighter on Aug 3, 2021.
             Was a High Priest of Makhleb.
             Slain by a two-headed ogre (17 damage)
             ... on level 12 of the Dungeon on Aug 4, 2021.
             The game lasted 00:47:25 (11748 turns).

shadowrider38 the Severer (Deep Dwarf Fighter)     Turns: 11748, Time: 00:47:25

Health: -2/152     AC: 21    Str: 25    XL:     15   Next: 52%
Magic:  0/0        EV:  9    Int: 12    God:    Makhleb [*****.]
Gold:   215        SH: 10    Dex: 16    Spells: 14/14 levels left

rFire    . . .     SeeInvis .   a - +5 war axe "Cuty" {vorpal, rC+}
rCold    + . .     Faith    +   c - +0 kite shield
rNeg     + . .     Spirit   .   F - +2 plate armour {rPois}
rPois    +         Reflect  .   O - +0 helmet of Wiatiz {rElec Will+ Int+2 Dex+4}
rElec    +         Harm     .   n - +2 cloak {Will+}
rCorr    .         Rampage  .   (no gloves)
Will     ++++.                  (no boots)
Stlth    ..........             l - amulet of faith
HPRegen  0.00/turn              y - +4 ring of evasion
MPRegen  0.07/turn              (no ring)

@: studying Slings
A: damage resistance, heal wounds, negative energy resistance 1, sense
surroundings 2, no regeneration
a: Heal Wounds, Renounce Religion, Minor Destruction, Lesser Servant of Makhleb,
Major Destruction, Greater Servant of Makhleb


You were on level 12 of the Dungeon.
You worshipped Makhleb.
Makhleb was extremely pleased with you.
You visited 2 branches of the dungeon, and saw 13 of its levels.
You also visited: Bailey and Gauntlet.

You collected 723 gold pieces.
You spent 508 gold pieces at shops.

Inventory:

Hand Weapons
 a - the +5 war axe "Cuty" (weapon) {vorpal, rC+}
   (You bought it in a shop on level 7 of the Dungeon)

   It inflicts extra damage upon your enemies.
   rC:        It protects you from cold.
 b - a +4 hunting sling
 u - a +2 demon whip of electrocution
Missiles
 o - 332 stones
Armour
 c - a +0 kite shield (worn)
 n - a +2 cloak of willpower (worn)
 F - a +2 plate armour of poison resistance (worn)
 O - the +0 helmet of Wiatiz (worn) {rElec Will+ Int+2 Dex+4}
   (You found it in a Gauntlet)

   Int:       It affects your intelligence (+2).
   Dex:       It affects your dexterity (+4).
   rElec:     It insulates you from electricity.
   Will:      It increases your willpower.
Magical Staves
 p - a staff of cold
 w - a staff of air
 P - a staff of earth
 Q - a staff of poison
Jewellery
 l - an amulet of faith (around neck)
 y - a +4 ring of evasion (left hand)
 C - an amulet of magic regeneration
 J - a ring of fire
Wands
 t - a wand of iceblast (18)
 D - a wand of mindburst (30)
 H - a wand of flame (40)
 L - a wand of paralysis (18)
 M - a wand of polymorph (7)
Scrolls
 e - 3 scrolls of silence {unknown}
 h - 2 scrolls of enchant weapon {unknown}
 i - 2 scrolls of holy word {unknown}
 j - 2 scrolls of magic mapping {unknown}
 s - 2 scrolls of amnesia
 v - 6 scrolls of fog {unknown}
 B - 4 scrolls of teleportation {unknown}
 E - a scroll of summoning {unknown}
 I - a scroll of immolation {unknown}
 K - a scroll of vulnerability {unknown}
Potions
 d - 2 potions of might
 f - 2 potions of berserk rage {unknown}
 g - 3 potions of heal wounds
 k - 2 potions of degeneration {unknown}
 m - a potion of flight
 q - 6 potions of curing {unknown}
 r - 4 potions of haste {unknown}
 x - a potion of cancellation {unknown}
 z - a potion of attraction {unknown}
 A - a potion of ambrosia {unknown}
 G - a potion of lignification {unknown}
 N - a potion of magic {unknown}
Miscellaneous
 R - a condenser vane
 S - a condenser vane


   Skills:
 + Level 14.7 Fighting
 - Level 0.5(0.8) Short Blades
 - Level 0.7(1.0) Long Blades
 - Level 16.0 Axes
 - Level 0.6 Staves
 - Level 0.3 Slings
 - Level 0.7 Bows
 - Level 1.0 Crossbows
 - Level 10.9 Armour
 - Level 0.5 Dodging
 - Level 4.0 Shields
 - Level 0.5 Conjurations
 - Level 0.4 Hexes
 - Level 0.6 Summonings
 - Level 0.7 Necromancy
 - Level 1.0 Translocations
 - Level 0.6 Transmutations
 - Level 0.7 Fire Magic
 - Level 0.8 Ice Magic
 - Level 0.5 Air Magic
 - Level 1.1 Earth Magic
 - Level 0.5 Poison Magic
 - Level 1.2 Invocations
 - Level 2.1 Evocations


You had 14 spell levels left.
You didn't know any spells.
Your spell library contained the following spells:

 Spells                   Type           Power      Damage    Failure   Level
 Passwall                 Tmut/Erth      1%         N/A       100%        2
 Slow                     Hex            1%         N/A       100%        2
 Confusing Touch          Hex            1%         N/A       100%        3
 Ignite Poison            Fire/Tmut/Pois 1%         N/A       100%        3
 Swiftness                Air            1%         N/A       100%        3
 Vampiric Draining        Necr           0%         2d6       100%        3
 Ice Form                 Ice/Tmut       1%         N/A       100%        4
 Invisibility             Hex            0%         N/A       100%        6


Dungeon Overview and Level Annotations

Branches:
Dungeon (12/15)            Temple (1/1) D:7            Lair (0/6) D:8
    Orc (0/2) D:10         Bailey (visited)         Gauntlet (visited)

Altars:
Dithmenos
Fedhas
Gozag
Kikubaaqudgha
Makhleb
Qazlal
Ru
Trog
Uskayaw
Vehumet
Yredelemnul
Zin
The Shining One

Shops:
D:2 (   D:7 [[(=   D:8 ::[?(

Annotations:
D:9 3 runed translucent doors, Rallik's ghost, novice TrFi


Innate Abilities, Weirdness & Mutations

You are resistant to damage.
You can heal yourself by infusing magical energy.
You resist negative energy. (rN+)
You passively map the area around you.
You do not regenerate.


Message History

The skeletal warrior hits you with a +0 long sword!
* * * LOW HITPOINT WARNING * * *
You feel much better.
The skeletal warrior hits you with a +0 long sword.
* * * LOW HITPOINT WARNING * * *
You hit the skeletal warrior.
The skeletal warrior is severely damaged.
You block the skeletal warrior's attack.
You slash the skeletal warrior!
You destroy the skeletal warrior!
Makhleb accepts your kill.
You feel better.
You hit the two-headed ogre.
The two-headed ogre is lightly wounded.
The two-headed ogre hits you with a +0 great mace.
You block the two-headed ogre's attack.
You slash the two-headed ogre!
The two-headed ogre is moderately wounded.
The two-headed ogre hits you with a +0 great mace!
* * * LOW HITPOINT WARNING * * *
The two-headed ogre hits you with a +0 giant spiked club.
You completely miss the two-headed ogre.
The two-headed ogre is moderately wounded.
You barely miss the two-headed ogre.
The two-headed ogre is moderately wounded.
The two-headed ogre misses you. The two-headed ogre closely misses you.
You slash the two-headed ogre!
The two-headed ogre is heavily wounded.
The two-headed ogre barely misses you. x2
Your plate armour prevents you from hitting the two-headed ogre.
The two-headed ogre is heavily wounded.
You block the two-headed ogre's attack. The two-headed ogre closely misses you.
You slice the two-headed ogre!!
The two-headed ogre is almost dead.
You hit the two-headed ogre.
The two-headed ogre is almost dead.
The two-headed ogre hits you with a +0 great mace.
* * * LOW HITPOINT WARNING * * *
The two-headed ogre hits you with a +0 giant spiked club!!
You die...

#.......# #.......#
####### #.......#
......#######...!...#
............#..>....#
............#.......#
............#.......#
............####O####
............####@#
............'....#
............######
............# #######
####....##### #.....#
######.### #.....#
#.)).#...# #.....#
#.##.#.#)# #.....#
#.##.#'#'### #.....#


You could see a two-headed ogre.

Vanquished Creatures
  An orc warlord (Bailey)
  A minotaur (Gauntlet)
  A rakshasa (D:11)
  4 two-headed ogres
  5 skeletal warriors (D:12)
  An orc knight (Bailey)
  3 ugly things
  2 manticores (D:12)
  A gargoyle (D:12)
  2 trolls
  A hornet (D:7)
  6 slime creatures (D:12)
  5 flying skulls (Gauntlet)
  A vampire (D:11)
  4 shadows
  Grum (D:9)
  3 wraiths
  2 yaks (D:10)
  3 wyverns
  2 chaos spawn (Gauntlet)
  5 vampire mosquitoes (D:12)
  A neqoxec (Gauntlet)
  An acid dragon (D:9)
  2 wargs (D:7)
  2 water moccasins
  A sky beast (D:8)
  A black bear (D:5)
  19 orc warriors
  4 ogres (D:5)
  An ice beast (D:6)
  A necrophage (D:5)
  4 wolves (D:9)
  A phantom (D:4)
  8 centaurs
  2 kobold brigands (D:9)
  5 bullfrogs
  A scorpion (D:4)
  A water moccasin skeleton (D:5)
  4 killer bees
  4 wights (D:6)
  4 howler monkeys
  3 centaur zombies
  A hound (D:6)
  8 orc priests
  3 bullfrog skeletons
  6 orc wizards
  A killer bee zombie (D:7)
  Robin (D:3)
  5 adders
  20 gnolls
  A howler monkey skeleton (D:7)
  4 ufetubi
  2 worms
  3 dart slugs
  43 orcs
  7 bats
  6 endoplasms
  5 giant cockroaches
  40 goblins
  17 hobgoblins
  10 jackals
  3 quokkas
  3 ball pythons
  3 frilled lizards
  12 kobolds
  A quokka skeleton (D:4)
  10 rats
339 creatures vanquished.

Vanquished Creatures (others)
  An orc wizard (D:3)
  A fungus (D:9)
  3 plants (D:9)
5 creatures vanquished.

Grand Total: 344 creatures vanquished

Notes
Turn   | Place    | Note
-------+----------+-------------------------------------------
     0 | D:1      | shadowrider38 the Deep Dwarf Fighter began the quest for
                  | the Orb.
     0 | D:1      | Reached XP level 1. HP: 20/20 MP: 1/1
   130 | D:2      | Found a basalt altar of Yredelemnul.
   235 | D:1      | Reached XP level 2. HP: 11/28 MP: 2/2
   589 | D:1      | Reached XP level 3. HP: 9/34 MP: 3/3
   926 | D:2      | Found Paocoll's Antique Weapon Shoppe.
   992 | D:2      | Got the Compendium of Ice and Moulding
  1071 | D:2      | Found a faded altar of an unknown god.
  1111 | D:2      | Reached skill level 3 in Axes
  1404 | D:3      | Reached XP level 4. HP: 28/42 MP: 3/3
  1976 | D:3      | Reached skill level 4 in Axes
  1976 | D:3      | Reached XP level 5. HP: 20/49 MP: 4/4
  2329 | D:3      | Noticed Robin
  2369 | D:3      | Killed Robin
  2370 | D:3      | Reached skill level 5 in Axes
  2743 | D:4      | Noticed a phantom
  2762 | D:4      | Killed a phantom
  2763 | D:4      | Reached XP level 6. HP: 25/56 MP: 5/5
  2782 | D:4      | Reached skill level 6 in Axes
  3923 | D:5      | Entered Level 5 of the Dungeon
  3951 | D:5      | Reached skill level 7 in Axes
  3951 | D:5      | Reached XP level 7. HP: 11/62 MP: 6/6
  4078 | D:5      | Identified the +7 ring mail of Hangman {rF- Int+6}
  4114 | D:5      | Reached skill level 8 in Axes
  4244 | D:5      | Reached skill level 9 in Axes
  4410 | D:5      | Reached XP level 8. HP: 29/69 MP: 7/7
  4718 | D:6      | Noticed a green ugly thing
  4741 | D:7      | Killed a green ugly thing
  4742 | D:7      | Reached skill level 11 in Axes
  4955 | D:6      | Reached skill level 1 in Evocations
  4985 | D:6      | Identified the +2 rapier of the Salmon {flame, rElec}
  5117 | D:6      | Found a glowing golden altar of the Shining One.
  5117 | D:6      | Found a radiant altar of Vehumet.
  5158 | D:6      | Gained mutation: You passively map the area around you.
                  | [Deep Dwarf growth]
  5158 | D:6      | Reached XP level 9. HP: 22/75 MP: 7/7
  5168 | D:6      | Reached skill level 12 in Axes
  5592 | D:7      | Found a shadowy altar of Dithmenos.
  5628 | D:7      | Found a staircase to the Ecumenical Temple.
  5642 | Temple   | Entered the Ecumenical Temple
  5694 | Temple   | Became a worshipper of Makhleb the Destroyer
  5753 | D:7      | Found Meefof's Antique Weapon Emporium.
  5762 | D:7      | Bought a fading war axe for 229 gold pieces
  5762 | D:7      | Identified the +5 war axe "Cuty" {vorpal, rC+} (You bought
                  | it in a shop on level 7 of the Dungeon)
  5805 | D:7      | Found Keebiuz's Armour Shop.
  5889 | D:7      | Found an opulent altar of Gozag.
  6017 | D:7      | Found Juari's Jewellery Shop.
  6047 | D:7      | Reached skill level 13 in Axes
  6105 | D:7      | Found Axievit's Armour Shop.
  6292 | D:8      | Found Uridim's Magic Scroll Boutique.
  6316 | D:8      | Found a staircase to the Lair.
  6342 | D:7      | Paralysed by a hornet for 3 turns
  6396 | D:8      | Found Dulorykae's Weapon Shop.
  6461 | D:8      | Found a flagged portal.
  6482 | Bailey   | Entered a bailey
  6506 | Bailey   | Reached * piety under Makhleb
  6564 | Bailey   | Reached skill level 14 in Axes
  6592 | Bailey   | Noticed an orc knight
  6601 | Bailey   | Reached ** piety under Makhleb
  6619 | Bailey   | Killed an orc knight
  6620 | Bailey   | Reached XP level 10. HP: 74/84 MP: 7/7
  6767 | Bailey   | Noticed an orc warlord
  6846 | Bailey   | Killed an orc warlord
  6847 | Bailey   | Reached skill level 15 in Axes
  6867 | Bailey   | Reached *** piety under Makhleb
  6883 | Bailey   | Reached skill level 16 in Axes
  7258 | D:8      | Found Opnamy's Book Emporium.
  7259 | D:8      | Found Meril's Book Emporium.
  7542 | D:8      | Identified the +0 robe of Fiukaese {MP+9 Str+4 Dex-3}
  7798 | D:8      | Found Ijab's Armour Shop.
  8482 | D:9      | Reached skill level 1 in Invocations
  8655 | D:9      | Noticed Grum
  8669 | D:9      | Reached skill level 1 in Earth Magic
  8680 | D:9      | Killed Grum
  8681 | D:9      | Reached skill level 1 in Crossbows
  8740 | D:9      | Reached skill level 1 in Translocations
  8791 | D:9      | Reached XP level 11. HP: 54/90 MP: 1/1
  8799 | D:9      | Noticed a two-headed ogre
  8944 | D:8      | Reached skill level 10 in Armour
  8944 | D:8      | Reached XP level 12. HP: 24/97 MP: 2/2
  8945 | D:8      | Reached XP level 13. HP: 29/118 MP: 3/3
  9207 | D:8      | Bought a +2 cloak of willpower for 279 gold pieces
  9272 | D:9      | Gained mutation: You resist negative energy. (rN+) [Deep
                  | Dwarf growth]
  9272 | D:9      | Reached XP level 14. HP: 127/135 MP: 3/3
  9560 | D:9      | Found a runed translucent gate.
  9561 | D:9      | Found a runed translucent gate.
  9561 | D:9      | Found a runed translucent gate.
  9562 | D:9      | Noticed Rallik's ghost (novice TrFi)
  9745 | D:10     | Entered Level 10 of the Dungeon
  9813 | D:10     | Reached **** piety under Makhleb
  9837 | D:10     | Found a staircase to the Orcish Mines.
 10091 | D:10     | Found an ancient bone altar of Kikubaaqudgha.
 10427 | D:11     | Identified the +2 robe of Tenacity {rF+ rC+ rN+}
 11043 | D:12     | Found a gate leading to a gauntlet.
 11060 | Gauntlet | Entered a Gauntlet
 11060 | Gauntlet | Found a transporter.
 11060 | Gauntlet | Found a transporter.
 11060 | Gauntlet | Found a transporter.
 11061 | Gauntlet | Found a transporter.
 11064 | Gauntlet | Found a transporter.
 11064 | Gauntlet | Found a transporter.
 11077 | Gauntlet | Found a transporter.
 11078 | Gauntlet | Found a transporter.
 11078 | Gauntlet | Found a transporter.
 11079 | Gauntlet | Found a transporter.
 11088 | Gauntlet | Found a transporter.
 11100 | Gauntlet | Found a transporter.
 11314 | Gauntlet | Reached ***** piety under Makhleb
 11325 | Gauntlet | Reached XP level 15. HP: 151/151 MP: 3/3
 11328 | Gauntlet | Identified the +0 helmet of Wiatiz {rElec Will+ Int+2
                  | Dex+4}
 11363 | Gauntlet | Identified the -5 pair of boots of Noon {Str+4}
 11748 | D:12     | Slain by a two-headed ogre

Illustrated notes

Levels and vault maps discovered:
D:1:      dpeg_chamrin_arrival_tetris, layout_basic, minmay_heptomino_o4
D:2:      layout_rooms, basic_altar, serial_shops, nicolae_shop_trees,
          chequers_ecumenical_altar_simple, grunt_ministairs_10
D:3:      kennysheep_goblin_castle, layout_loops_ring,
          chequers_serial_rivers_small_3, grunt_ministairs_5
D:4:      layout_basic
D:5:      layout_loops_cross
D:6:      layout_basic, mainiacjoe_overflow_divided_tiny
D:7:      layout_gridville, mainiacjoe_overflow_brackets,
          nicolae_gozag_cash_rules_everything_around_me,
          minmay_temple_entry_statues_pillars, serial_shops, shop,
          nicolae_shop_stone, nicolae_shop_window_shopping,
          nicolae_lakefront_shop
D:8:      layout_cave_pods, erik_lair_orcish_takeover, serial_shops, shop, shop,
          shop, shop, nicolae_shop_window_shopping, enter_bailey_5
D:9:      layout_irregular_city, gammafunk_ghost_nasty_kobolds, uniq_grum
D:10:     layout_rooms, nicolae_kikubaaqudgha_miasma_corner, orc_0_dummy
D:11:     layout_roguey
D:12:     layout_basic, gauntlet_entry_generic, hangedman_ranch
Temple:   minmay_crystal_spiral_temple

Skill      XL: |  1  2  3  4  5  6  7  8  9 10 11 12 13 14 |
---------------+-------------------------------------------+-----
Fighting       | 3 8 11 14 | 14.7
Axes           | 3 4 5 7 9 11 14 16 | 16.0
Armour         | 4 10 | 10.9
Shields        | 4 |  4.0
Evocations     | 1 2 |  2.1
Invocations    | 1 |  1.2
Earth Magic    | 1 |  1.1
Crossbows      | 1 |  1.0
Translocations | 1 |  1.0
Short Blades   | |  0.5
Long Blades    | |  0.7
Staves         | |  0.6
Slings         | |  0.3
Bows           | |  0.7
Dodging        | |  0.5
Conjurations   | |  0.5
Hexes          | |  0.4
Summonings     | |  0.6
Necromancy     | |  0.7
Transmutations | |  0.6
Fire Magic     | |  0.7
Ice Magic      | |  0.8
Air Magic      | |  0.5
Poison Magic   | |  0.5

Action                   |  1- 3 |  4- 6 |  7- 9 | 10-12 | 13-15 || total
-------------------------+-------+-------+-------+-------+-------++-------
Melee: War axe           |   129 |   227 |   339 |   205 |   320 ||  1220
 Fire: Hunting sling     |       |     3 |       |       |       ||     3
 Abil: Heal Wounds       |     1 |     1 |    22 |    23 |    20 ||    67
Evoke: Wand              |       |       |     2 |       |       ||     2
  Use: Scroll            |       |       |     3 |       |       ||     3
       Potion            |       |       |       |     2 |     4 ||     6
Armor: Scale mail        |    70 |    12 |       |       |       ||    82
       Plate armour      |       |   129 |    11 |    32 |   126 ||   298
       Ring mail         |       |       |   133 |    10 |       ||   143
Dodge: Dodged            |    39 |    32 |   145 |    61 |    87 ||   364
Block: Kite shield       |    70 |   120 |   165 |    67 |   146 ||   568
